AoeStats
← 无糖薄荷糖

African Clearing

510311409Analyzed
2v2 RM · 3d ago on Sep 30, 2026· 63m 22s· 4 players
Game mode
Random Map
Map size
Medium (4 player)
Population
200
Speed
Normal
Resources
Standard
Victory
Conquest
Starting age
Dark Age
Ending age
Imperial Age
RankedLock teamsTeams togetherTeam positionsShared explorationLock speedFull tech treeHidden civsTurbo modeCheats
Victory
Defeat
🇧🇪 Spanish · Belgium
1000
+45
🇺🇸 Huns · United States
966
+16
🇨🇳 Persians · China
974
-16
🇨🇳 Persians · China
967
-15
NachoFries4886
3:35 Loom
15:40 Feudal Age
17:15 Double-Bit Axe
37:58 Castle Age
37:43 Gold Mining
37:44 Stone Mining
39:09 Husbandry
39:21 Bloodlines
47:48 Horse Collar
48:51 Scale Barding Armor
48:46 Scale Mail Armor
48:56 Forging
52:31 Imperial Age
52:01 Chain Mail Armor
52:21 Iron Casting
53:27 Chain Barding Armor
52:36 Cavalier
54:48 Plate Barding Armor
54:21 Town Watch
57:36 Iron Casting
57:02 Padded Archer Armor
58:36 Wheelbarrow
58:02 Town Patrol
60:08 Blast Furnace
59:23 Paladin
61:53 Conscription
61:05 Sappers
Sticks
32:11 Feudal Age
无糖薄荷糖
7:39 Loom
36:58 Feudal Age
hanser
6:33 Loom
44:13 Feudal Age
49:26 Castle Age
47:57 Double-Bit Axe
51:22 Wheelbarrow
56:49 Bow Saw
59:51 Hand Cart
59:23 Town Watch
59:21 Pikeman
60:27 Squires
60:43 Scale Mail Armor
61:26 Forging
63:48 Chain Mail Armor
64:08 Iron Casting
Connection lost

Rejoining the realm…

Still unreachable

The connection could not be restored.

Session expired

The server has moved on; the page needs a fresh start.